 Dungeon Crawl Stone Soup version 0.29.0-4-gdea44cf6ec (webtiles) character file.

Game seed: 9263584444164207585

77 qw the Caller (level 4, 0/36 HPs)
             Began as a Ghoul Summoner on Sept 10, 2022.
             Slain by a gnoll
             ... wielding a +0 club
              (5 damage)
             ... on level 2 of the Dungeon.
             The game lasted 00:00:44 (2254 turns).

qw the Caller (Ghoul Summoner)                      Turns: 2254, Time: 00:00:44

Health: 0/36       AC:  3    Str: 13    XL:     4   Next: 33%
Magic:  2/5        EV: 11    Int: 10    God:
Gold:   65         SH:  0    Dex:  9    Spells: 5/6 levels left

rFire   . . .      SeeInvis .   a - +4 broad axe
rCold   + . .      Faith    .   (no shield)
rNeg    + + +      Spirit   .   c - +0 leather armour
rPois   inf        Reflect  .   (no helmet)
rElec   .          Harm     .   (no cloak)
rCorr   .          Rampage  .   (no gloves)
Will    .....                   (no boots)
Stlth   +.........              (no amulet)
HPRegen 0.00/turn               (no ring)
MPRegen 0.09/turn               (no ring)

@: inhibited regen
A: claws 1, cold resistance 1, negative energy resistance 3, inhibited
regeneration, torment resistance 2, devour on kill
a: no special abilities


You were on level 2 of the Dungeon.
You visited 1 branch of the dungeon, and saw 2 of its levels.

You collected 65 gold pieces.


Innate Abilities, Weirdness & Mutations

You are immune to poison.
You have sharp fingernails.
Your flesh is cold resistant. (rC+)
You are immune to negative energy. (rN+++)
You do not regenerate when monsters are visible.
You are immune to unholy pain and torment.
You thrive by killing the living.


   Skills:
 - Level 2.0 Fighting
 + Level 2.9 Axes
 - Level 1.7 Dodging
 - Level 2.1 Stealth
 - Level 1.7 Spellcasting
 - Level 3.6 Summonings


You had 5 spell levels left.
You knew the following spells:

 Your Spells              Type           Power      Damage    Failure   Level
a - Summon Small Mammal   Summ           32%        N/A       10%         1

Your spell library contained the following spells:

 Spells                   Type           Power      Damage    Failure   Level
 Call Imp                 Summ           8%         N/A       14%         2
 Call Canine Familiar     Summ           8%         N/A       28%         3
 Summon Guardian Golem    Hex/Summ       4%         N/A       52%         3
 Summon Lightning Spire   Summ/Air       4%         N/A       89%         4

Inventory:

Hand Weapons
 a - a +4 broad axe (weapon)
 f - a +0 flail
Armour
 c - a +0 leather armour (worn)
Scrolls
 d - a scroll of identify {unknown}
Potions
 b - 2 potions of lignification {unknown}
 e - a potion of mutation {unknown}
 h - a potion of haste {unknown}

Dungeon Overview and Level Annotations

Branches:
Dungeon (2/15)

Altars:


Message History

The gnoll hits you but does no damage.
You slash the gnoll!
The gnoll is severely wounded.
Your rat barely misses the gnoll.
Your bat hits the gnoll but does no damage.
Something hits your rat!
Your rat dies!
Your rat's corpse disappears in a puff of smoke!
The gnoll misses your bat. Something closely misses your bat.
A gnoll comes into view. It is wielding a +0 club.
The gnoll hits your bat with a +0 whip!
Your bat dies!
Your bat's corpse disappears in a puff of smoke!
The gnoll shouts!
You hit the gnoll but do no damage.
The gnoll is severely wounded.
The gnoll hits you with a +0 whip.
You hit the gnoll.
You kill the gnoll!
The gnoll barely misses you.
You have reached level 4!
You barely miss the gnoll. The gnoll barely misses you.
You slash the gnoll!
The gnoll is severely wounded.
You hit the gnoll.
You kill the gnoll!
The gnoll hits you with a +0 club.
You barely miss the gnoll. The gnoll hits you with a +0 club.
You barely miss the gnoll. The gnoll hits you with a +0 club.
The gnoll closely misses you.
You barely miss the gnoll. The gnoll hits you with a +0 club.
You closely miss the gnoll. The gnoll misses you.
The gnoll hits you but does no damage.
You slash the gnoll!
The gnoll is almost dead.
The gnoll hits you with a +0 club.
You die...

####### #.....#
#### #.....#
.....
#.....####...#
#.....'.@)...#
#..%..###g...#
#.######'##
....# #........#
...## #######..#
...# ######..##
#'## #........#
..
######.######.#
..
................


You could see a gnoll.

Vanquished Creatures
  3 gnolls
  An adder (D:2)
  2 dart slugs
  2 giant cockroaches (D:2)
  2 goblins
  3 hobgoblins
  2 jackals (D:2)
  2 quokkas
  2 ball pythons
  5 bats (D:1)
  2 kobolds (D:2)
  A rat (D:1)
27 creatures vanquished.

Vanquished Creatures (collateral kills)
  2 bats (D:1)
  2 endoplasms
  A giant cockroach (D:1)
  2 ball pythons (D:1)
  A frilled lizard (D:2)
8 creatures vanquished.

Grand Total: 35 creatures vanquished

Notes
Turn   | Place    | Note
-------+----------+-------------------------------------------
     0 | D:1      | qw the Ghoul Summoner began the quest for the Orb.
     0 | D:1      | Reached XP level 1. HP: 14/14 MP: 2/2
     0 | D:1      | 0 ||| qw: Version: 0.1-a-116-g5d60599
     0 | D:1      | 0 ||| qw: Game counter: 7695
     0 | D:1      | 0 ||| qw: Always use a shield: true
     0 | D:1      | 0 ||| qw: God list: Okawaru
     0 | D:1      | 0 ||| qw: Allow faded altars: false
     0 | D:1      | 0 ||| qw: Do Orc after D:15 true
     0 | D:1      | 0 ||| qw: Do second Lair branch before Depths: true
     0 | D:1      | 0 ||| qw: Lair rune preference: random
     0 | D:1      | 0 ||| qw: Plans: Normal
     0 | D:1      | 0 ||| PLANNING D:1-11
    25 | D:1      | 25 ||| CASTING Summon Small Mammal
    26 | D:1      | 26 ||| CASTING Summon Small Mammal
   162 | D:1      | 162 ||| CASTING Summon Small Mammal
   163 | D:1      | 163 ||| CASTING Summon Small Mammal
   202 | D:1      | 202 ||| Wielding weapon +0 war axe.
   226 | D:1      | 226 ||| CASTING Summon Small Mammal
   227 | D:1      | 227 ||| CASTING Summon Small Mammal
   238 | D:1      | 238 ||| CASTING Summon Small Mammal
   250 | D:1      | 250 ||| CASTING Summon Small Mammal
   254 | D:1      | Reached skill level 1 in Axes
   394 | D:1      | 394 ||| CASTING Summon Small Mammal
   395 | D:1      | 395 ||| CASTING Summon Small Mammal
   406 | D:1      | 406 ||| CASTING Summon Small Mammal
   410 | D:1      | Reached XP level 2. HP: 22/22 MP: 0/3
   452 | D:1      | 452 ||| CASTING Summon Small Mammal
   453 | D:1      | 453 ||| CASTING Summon Small Mammal
   454 | D:1      | 454 ||| CASTING Summon Small Mammal
   514 | D:1      | 514 ||| CASTING Summon Small Mammal
   515 | D:1      | 515 ||| CASTING Summon Small Mammal
   516 | D:1      | 516 ||| CASTING Summon Small Mammal
   523 | D:1      | Reached skill level 1 in Fighting
   724 | D:1      | 724 ||| CASTING Summon Small Mammal
   725 | D:1      | 725 ||| CASTING Summon Small Mammal
   726 | D:1      | 726 ||| CASTING Summon Small Mammal
   779 | D:1      | 779 ||| CASTING Summon Small Mammal
   780 | D:1      | 780 ||| CASTING Summon Small Mammal
   832 | D:1      | 832 ||| CASTING Summon Small Mammal
   833 | D:1      | 833 ||| CASTING Summon Small Mammal
   834 | D:1      | 834 ||| CASTING Summon Small Mammal
   875 | D:1      | 875 ||| CASTING Summon Small Mammal
   876 | D:1      | 876 ||| CASTING Summon Small Mammal
   877 | D:1      | 877 ||| CASTING Summon Small Mammal
   915 | D:1      | 915 ||| CASTING Summon Small Mammal
   916 | D:1      | 916 ||| CASTING Summon Small Mammal
   917 | D:1      | 917 ||| CASTING Summon Small Mammal
  1032 | D:1      | 1032 ||| CASTING Summon Small Mammal
  1033 | D:1      | 1033 ||| CASTING Summon Small Mammal
  1065 | D:1      | 1065 ||| CASTING Summon Small Mammal
  1066 | D:1      | 1066 ||| CASTING Summon Small Mammal
  1067 | D:1      | 1067 ||| CASTING Summon Small Mammal
  1072 | D:1      | Reached XP level 3. HP: 27/29 MP: 0/4
  1120 | D:1      | 1120 ||| CASTING Summon Small Mammal
  1121 | D:1      | 1121 ||| CASTING Summon Small Mammal
  1122 | D:1      | 1122 ||| CASTING Summon Small Mammal
  1123 | D:1      | 1123 ||| CASTING Summon Small Mammal
  1174 | D:1      | 1174 ||| CASTING Summon Small Mammal
  1175 | D:1      | 1175 ||| CASTING Summon Small Mammal
  1176 | D:1      | 1176 ||| CASTING Summon Small Mammal
  1177 | D:1      | 1177 ||| CASTING Summon Small Mammal
  1304 | D:1      | 1304 ||| CASTING Summon Small Mammal
  1305 | D:1      | 1305 ||| CASTING Summon Small Mammal
  1306 | D:1      | 1306 ||| CASTING Summon Small Mammal
  1308 | D:1      | 1308 ||| CASTING Summon Small Mammal
  1362 | D:1      | 1362 ||| CASTING Summon Small Mammal
  1363 | D:1      | 1363 ||| CASTING Summon Small Mammal
  1364 | D:1      | 1364 ||| CASTING Summon Small Mammal
  1365 | D:1      | 1365 ||| CASTING Summon Small Mammal
  1480 | D:1      | 1480 ||| UPGRADING to +0 leather armour.
  1490 | D:1      | 1490 ||| DROPPING +0 robe.
  1491 | D:1      | 1491 ||| DROPPING ring of flight.
  1492 | D:1      | 1492 ||| READING 2 scrolls labelled PEZEKL VANECO.
  1493 | D:1      | 1493 ||| DROPPING potion of magic.
  1494 | D:1      | 1494 ||| DROPPING scroll of magic mapping.
  1524 | D:2      | 1524 ||| CASTING Summon Small Mammal
  1525 | D:2      | 1525 ||| CASTING Summon Small Mammal
  1526 | D:2      | 1526 ||| CASTING Summon Small Mammal
  1527 | D:2      | 1527 ||| CASTING Summon Small Mammal
  1569 | D:2      | 1569 ||| CASTING Summon Small Mammal
  1570 | D:2      | 1570 ||| CASTING Summon Small Mammal
  1571 | D:2      | 1571 ||| CASTING Summon Small Mammal
  1572 | D:2      | 1572 ||| CASTING Summon Small Mammal
  1627 | D:2      | 1627 ||| SWAPPING to +4 broad axe.
  1628 | D:2      | 1628 ||| DROPPING +0 war axe.
  1659 | D:2      | 1659 ||| CASTING Summon Small Mammal
  1660 | D:2      | 1660 ||| CASTING Summon Small Mammal
  1661 | D:2      | 1661 ||| CASTING Summon Small Mammal
  1662 | D:2      | 1662 ||| CASTING Summon Small Mammal
  1731 | D:2      | 1731 ||| Stepping ~*~*~tactically~*~*~ (hiding).
  1732 | D:2      | 1732 ||| Stepping ~*~*~tactically~*~*~ (hiding).
  1739 | D:2      | 1739 ||| CASTING Summon Small Mammal
  1740 | D:2      | 1740 ||| CASTING Summon Small Mammal
  1741 | D:2      | 1741 ||| CASTING Summon Small Mammal
  1742 | D:2      | 1742 ||| CASTING Summon Small Mammal
  1788 | D:2      | 1788 ||| CASTING Summon Small Mammal
  1789 | D:2      | 1789 ||| CASTING Summon Small Mammal
  1790 | D:2      | 1790 ||| CASTING Summon Small Mammal
  1791 | D:2      | 1791 ||| CASTING Summon Small Mammal
  1849 | D:2      | 1849 ||| CASTING Summon Small Mammal
  1850 | D:2      | 1850 ||| CASTING Summon Small Mammal
  1851 | D:2      | 1851 ||| CASTING Summon Small Mammal
  1930 | D:2      | 1930 ||| CASTING Summon Small Mammal
  1961 | D:2      | 1961 ||| CASTING Summon Small Mammal
  1962 | D:2      | 1962 ||| CASTING Summon Small Mammal
  1963 | D:2      | 1963 ||| CASTING Summon Small Mammal
  1964 | D:2      | 1964 ||| CASTING Summon Small Mammal
  2013 | D:2      | 2013 ||| CASTING Summon Small Mammal
  2014 | D:2      | 2014 ||| CASTING Summon Small Mammal
  2015 | D:2      | 2015 ||| CASTING Summon Small Mammal
  2016 | D:2      | 2016 ||| CASTING Summon Small Mammal
  2056 | D:2      | Found a faded altar of an unknown god.
  2158 | D:2      | 2158 ||| CASTING Summon Small Mammal
  2159 | D:2      | 2159 ||| CASTING Summon Small Mammal
  2160 | D:2      | 2160 ||| CASTING Summon Small Mammal
  2161 | D:2      | 2161 ||| CASTING Summon Small Mammal
  2209 | D:2      | 2209 ||| Stepping ~*~*~tactically~*~*~ (stealth).
  2211 | D:2      | 2211 ||| CASTING Summon Small Mammal
  2212 | D:2      | 2212 ||| CASTING Summon Small Mammal
  2213 | D:2      | 2213 ||| CASTING Summon Small Mammal
  2214 | D:2      | 2214 ||| CASTING Summon Small Mammal
  2231 | D:2      | 2231 ||| CASTING Summon Small Mammal
  2233 | D:2      | 2233 ||| CASTING Summon Small Mammal
  2240 | D:2      | 2240 ||| CASTING Summon Small Mammal
  2247 | D:2      | Reached XP level 4. HP: 18/36 MP: 0/5
  2250 | D:2      | HP: 8/36 [gnoll/+0 club (6)]
  2254 | D:2      | Slain by a gnoll

Levels and vault maps discovered:
D:1:      shiori_shiawase, layout_loops_ring, hangedman_abyss_or_decor_stabs
D:2:      layout_basic, hellmonk_ecumenical_altar_dog_temple, hex_medium,
          uniq_sigmund

Skill      XL: |  1  2  3 |
---------------+----------+-----
Axes           | 1 2 |  2.9
Fighting       | 1 2 |  2.0
Dodging        | |  1.7
Stealth        | |  2.1
Spellcasting   | |  1.7
Summonings     | |  3.6

Action                   |  1- 3 |  4- 6 || total
-------------------------+-------+-------++-------
Melee: War axe           |    49 |       ||    49
       Unarmed           |     4 |       ||     4
       Broad axe         |    29 |     8 ||    37
 Cast: Summon Small Mamm |    84 |       ||    84
  Use: Scroll            |     1 |       ||     1
Armor: Robe              |    18 |       ||    18
       Leather armour    |     8 |     1 ||     9
Dodge: Dodged            |    49 |     3 ||    52

Table legend:
 A = Non-vault XP
 B = Vault XP
 C = Vault XP percentage of total XP
 D = Non-vault monster count
 E = Vault monster count
 F = Vault count percentage of total count
                 A         B        C        D         E       F
            +---------+---------+-------+---------+---------+-------
      Total |     106 |       4 |   3.6 |      33 |       2 |   5.7
            +---------+---------+-------+---------+---------+-------
        D:1 |      42 |       0 |   0.0 |      18 |       0 |   0.0
        D:2 |      64 |       4 |   5.9 |      15 |       2 |  11.8
            +---------+---------+-------+---------+---------+-------
